[ PARTIDA AOE2 · #460846655 ]
UnrankedShu vs Teutons
[ ANÁLISIS DE REPETICIÓN · EXTRAÍDO DE LA PARTIDA GRABADA ]
Feudal
—
Castillos
—
Imperial
—
| APM promedio | 29.3 |
| APM pico | 64 |
| eAPM promedio | 16.2 |
| Aldeanos / militares | 97 / 117 |
Foco
⚔️ 29.8% · 🌾 70.2%
Archer ×114 · Unknown (1942) ×8 · Mangonel ×3
Feudal
11:11
Castillos
15:08
Imperial
30:51
| APM promedio | 16.6 |
| APM pico | 37 |
| eAPM promedio | 9.8 |
| Aldeanos / militares | 121 / 229 |
Foco
⚔️ 34.7% · 🌾 65.3%
Spearman ×159 · Skirmisher ×40 · Hussite Wagon ×22 · Unknown (882) ×15 · Bombard Cannon ×8
Feudal
9:00
Castillos
27:46
Imperial
43:09
| APM promedio | 20.9 |
| APM pico | 50 |
| eAPM promedio | 15.2 |
| Aldeanos / militares | 219 / 94 |
Foco
⚔️ 22.2% · 🌾 77.8%
Knight ×81 · Mangonel ×5 · Scout Cavalry ×5 · Trebuchet (Packed) ×2 · Teutonic Knight ×1
Feudal
11:36
Castillos
15:43
Imperial
—
| APM promedio | 35.1 |
| APM pico | 75 |
| eAPM promedio | 16.9 |
| Aldeanos / militares | 102 / 20 |
Foco
⚔️ 7.8% · 🌾 92.2%
Genoese Crossbowman ×15 · Mangonel ×5
Feudal
10:53
Castillos
15:02
Imperial
30:05
| APM promedio | 23.9 |
| APM pico | 59 |
| eAPM promedio | 16.7 |
| Aldeanos / militares | 162 / 400 |
Foco
⚔️ 33.9% · 🌾 66.1%
Militia ×364 · Spearman ×25 · Scout Cavalry ×10 · Monk ×1
Feudal
10:56
Castillos
14:37
Imperial
28:24
| APM promedio | 37.6 |
| APM pico | 109 |
| eAPM promedio | 22.7 |
| Aldeanos / militares | 148 / 310 |
Foco
⚔️ 42.7% · 🌾 57.3%
Militia ×123 · Huskarl ×92 · Spearman ×88 · Trebuchet (Packed) ×7
Feudal
11:02
Castillos
14:52
Imperial
25:39
| APM promedio | 46.4 |
| APM pico | 122 |
| eAPM promedio | 17.8 |
| Aldeanos / militares | 88 / 194 |
Foco
⚔️ 31.4% · 🌾 68.6%
Archer ×131 · Plumed Archer ×53 · Trebuchet (Packed) ×8 · Mangonel ×2
Feudal
11:44
Castillos
16:05
Imperial
29:27
| APM promedio | 47.7 |
| APM pico | 76 |
| eAPM promedio | 24.3 |
| Aldeanos / militares | 136 / 205 |
Foco
⚔️ 34.8% · 🌾 65.2%
Scout Cavalry ×92 · Hand Cannoneer ×54 · Skirmisher ×36 · Knight ×13 · Bombard Cannon ×9 · Coustillier ×1
Mapa de la partida
Recursos iniciales + cada clic de construcción. Líneas = muros · curvas = relieve. ◆ oro · ⬟ piedra · ● bayas · ✦ reliquia · ◌ hueco del cierre
Inputs por minuto
— valpalmas - - YYS
Build order — valpalmas
Primeras 150 de 350 acciones detectadas
| 0:00 | Crear | Villager (Male) |
| 0:01 | Crear | Villager (Male) |
| 0:01 | Crear | Villager (Male) |
| 0:02 | Crear | Villager (Male) |
| 0:03 | Construir | House |
| 0:04 | Construir | House |
| 1:25 | Crear | Villager (Male) |
| 2:05 | Crear | Villager (Male) |
| 2:05 | Crear | Villager (Male) |
| 2:11 | Construir | Lumber Camp |
| 2:14 | Crear | Villager (Male) |
| 2:14 | Crear | Villager (Male) |
| 2:44 | Crear | Villager (Male) |
| 2:44 | Crear | Villager (Male) |
| 3:05 | Crear | Villager (Male) |
| 3:29 | Crear | Villager (Male) |
| 3:29 | Crear | Villager (Male) |
| 3:51 | Construir | House |
| 3:53 | Crear | Villager (Male) |
| 4:24 | Crear | Villager (Male) |
| 4:24 | Crear | Villager (Male) |
| 4:53 | Crear | Villager (Male) |
| 5:21 | Crear | Villager (Male) |
| 5:30 | Construir | Mill |
| 5:34 | Crear | Villager (Male) |
| 5:53 | Construir | House |
| 6:06 | Crear | Villager (Male) |
| 6:16 | Construir | House |
| 6:22 | Construir | Mill |
| 6:38 | Crear | Villager (Male) |
| 7:05 | Crear | Villager (Male) |
| 7:18 | Crear | Villager (Male) |
| 7:50 | Crear | Villager (Male) |
| 8:03 | Construir | Mining Camp |
| 8:06 | Crear | Villager (Male) |
| 8:35 | Investigar | Feudal Age |
| 9:23 | Crear | Villager (Male) |
| 9:47 | Construir | Farm |
| 9:56 | Construir | Farm |
| 11:02 | Construir | Market |
| 11:10 | Construir | Blacksmith |
| 11:18 | Crear | Villager (Male) |
| 11:59 | Investigar | Castle Age |
| 12:30 | Crear | Villager (Male) |
| 12:49 | Investigar | Double-Bit Axe |
| 12:56 | Construir | House |
| 12:57 | Construir | House |
| 13:09 | Construir | Farm |
| 13:14 | Construir | Farm |
| 13:34 | Construir | Outpost |
| 13:50 | Investigar | Horse Collar |
| 13:58 | Construir | Farm |
| 14:13 | Construir | Outpost |
| 14:15 | Construir | Outpost |
| 14:17 | Construir | Outpost |
| 14:22 | Investigar | Loom |
| 14:23 | Investigar | Town Watch |
| 14:45 | Crear | Villager (Male) |
| 14:53 | Construir | Farm |
| 14:56 | Construir | Farm |
| 14:59 | Construir | Farm |
| 15:19 | Construir | Castle |
| 15:24 | Construir | House |
| 15:29 | Crear | Villager (Male) |
| 15:35 | Construir | Mining Camp |
| 16:00 | Investigar | Fletching |
| 16:09 | Construir | House |
| 16:11 | Construir | House |
| 16:18 | Crear | Villager (Male) |
| 16:36 | Construir | Siege Workshop |
| 17:01 | Crear | Villager (Male) |
| 17:01 | Crear | Villager (Male) |
| 17:30 | Crear | Villager (Male) |
| 17:35 | Construir | Lumber Camp |
| 17:35 | Crear | Villager (Male) |
| 17:44 | Crear | Mangonel |
| 17:55 | Crear | Villager (Male) |
| 18:06 | Construir | Farm |
| 18:34 | Construir | Farm |
| 18:39 | Construir | Farm |
| 18:48 | Investigar | Bodkin Arrow |
| 18:55 | Crear | Villager (Male) |
| 19:04 | Construir | Farm |
| 19:13 | Construir | Farm |
| 19:28 | Crear | Villager (Male) |
| 19:39 | Construir | Farm |
| 19:48 | Investigar | Wheelbarrow |
| 19:59 | Crear | Villager (Male) |
| 20:19 | Crear | Mangonel |
| 20:22 | Crear | Villager (Male) |
| 20:39 | Investigar | Bow Saw |
| 21:02 | Crear | Villager (Male) |
| 21:14 | Crear | Villager (Male) |
| 21:23 | Construir | Lumber Camp |
| 21:44 | Construir | Farm |
| 21:51 | Crear | Villager (Male) |
| 22:09 | Investigar | Town Patrol |
| 22:14 | Investigar | Heavy Plow |
| 22:29 | Construir | University |
| 22:33 | Construir | House |
| 22:34 | Construir | House |
| 22:35 | Construir | House |
| 22:38 | Crear | Villager (Male) |
| 22:45 | Construir | Farm |
| 23:29 | Crear | Villager (Male) |
| 23:47 | Construir | Barracks |
| 23:49 | Crear | Villager (Male) |
| 24:00 | Construir | Farm |
| 24:06 | Crear | Villager (Male) |
| 24:35 | Construir | Archery Range |
| 24:37 | Construir | Archery Range |
| 24:46 | Crear | Villager (Male) |
| 25:16 | Construir | Farm |
| 25:22 | Investigar | Imperial Age |
| 26:01 | Investigar | Crossbowman (upgrade) |
| 26:04 | Investigar | Ballistics |
| 26:17 | Investigar | Padded Archer Armor |
| 26:23 | Crear | Archer |
| 26:23 | Crear | Archer |
| 26:23 | Crear | Archer |
| 26:24 | Crear | Archer |
| 26:26 | Crear | Villager (Male) |
| 27:21 | Crear | Mangonel |
| 27:27 | Crear | Archer |
| 27:27 | Crear | Archer |
| 27:27 | Crear | Archer |
| 27:40 | Crear | Archer |
| 27:40 | Crear | Archer |
| 28:41 | Crear | Unit 1942 |
| 28:41 | Crear | Unit 1942 |
| 28:59 | Investigar | Bracer |
| 29:14 | Construir | House |
| 29:20 | Construir | Stone Wall |
| 29:30 | Crear | Archer |
| 29:31 | Crear | Archer |
| 29:40 | Construir | House |
| 29:41 | Construir | House |
| 30:09 | Crear | Archer |
| 30:09 | Crear | Archer |
| 30:10 | Crear | Archer |
| 30:10 | Crear | Archer |
| 30:10 | Crear | Archer |
| 30:13 | Construir | Archery Range |
| 30:32 | Crear | Villager (Male) |
| 30:32 | Crear | Villager (Male) |
| 30:33 | Crear | Villager (Male) |
| 30:43 | Construir | Siege Workshop |
| 31:03 | Investigar | Arbalester (upgrade) |
| 31:19 | Investigar | Chemistry |
| 31:37 | Crear | Unit 1942 |
Build order — YYS
Primeras 150 de 304 acciones detectadas
| 0:08 | Crear | Villager (Male) ×4 |
| 0:14 | Construir | House |
| 0:16 | Construir | House |
| 0:18 | Construir | House |
| 1:41 | Construir | Lumber Camp |
| 1:45 | Crear | Villager (Male) |
| 2:13 | Crear | Villager (Male) |
| 2:43 | Crear | Villager (Male) |
| 3:10 | Crear | Villager (Male) ×2 |
| 3:40 | Crear | Villager (Male) |
| 4:02 | Crear | Villager (Male) |
| 4:19 | Crear | Villager (Male) |
| 4:44 | Construir | Mill |
| 5:00 | Crear | Villager (Male) |
| 5:01 | Crear | Villager (Male) |
| 5:08 | Construir | House |
| 5:33 | Crear | Villager (Male) |
| 5:45 | Crear | Villager (Male) |
| 6:03 | Crear | Villager (Male) |
| 6:27 | Crear | Villager (Male) |
| 6:38 | Construir | House |
| 6:51 | Crear | Villager (Male) |
| 7:08 | Crear | Villager (Male) |
| 7:36 | Crear | Villager (Male) |
| 7:37 | Crear | Villager (Male) |
| 8:19 | Construir | Mining Camp |
| 9:01 | Investigar | Feudal Age |
| 10:28 | Crear | Villager (Male) |
| 10:29 | Crear | Villager (Male) |
| 11:11 | Edad | Edad Feudal |
| 11:23 | Construir | Market |
| 11:29 | Construir | Blacksmith |
| 12:28 | Investigar | Castle Age |
| 12:29 | Investigar | Castle Age |
| 12:42 | Construir | Farm |
| 12:45 | Construir | Farm |
| 13:08 | Construir | Farm |
| 13:09 | Construir | Farm |
| 13:12 | Construir | Farm |
| 13:18 | Construir | Farm |
| 13:19 | Construir | Farm |
| 13:20 | Construir | Farm |
| 14:09 | Investigar | Double-Bit Axe |
| 14:11 | Investigar | Horse Collar |
| 14:11 | Investigar | Horse Collar |
| 14:44 | Crear | Villager (Male) |
| 14:45 | Crear | Villager (Male) |
| 15:08 | Edad | Edad de los Castillos |
| 15:10 | Crear | Villager (Male) |
| 15:10 | Crear | Villager (Male) |
| 15:16 | Construir | Monastery |
| 15:29 | Investigar | Bow Saw |
| 15:37 | Construir | Farm |
| 15:46 | Construir | Town Center |
| 16:05 | Crear | Villager (Male) |
| 16:07 | Investigar | Fervor |
| 16:30 | Construir | House |
| 16:49 | Construir | House |
| 16:50 | Construir | House |
| 17:29 | Construir | Barracks |
| 17:33 | Crear | Villager (Male) |
| 17:38 | Crear | Villager (Male) |
| 17:38 | Crear | Villager (Male) |
| 18:03 | Crear | Villager (Male) |
| 18:05 | Crear | Villager (Male) |
| 18:24 | Construir | Town Center |
| 18:26 | Crear | Villager (Male) |
| 18:27 | Crear | Villager (Male) |
| 18:33 | Construir | Farm |
| 18:45 | Crear | Villager (Male) |
| 18:58 | Crear | Villager (Male) |
| 18:59 | Crear | Villager (Male) |
| 19:16 | Construir | Farm |
| 19:17 | Construir | Farm |
| 19:21 | Crear | Villager (Male) |
| 19:22 | Crear | Villager (Male) |
| 19:42 | Crear | Villager (Male) |
| 20:02 | Crear | Villager (Male) |
| 20:07 | Crear | Villager (Male) |
| 20:12 | Construir | Farm |
| 20:14 | Construir | Farm |
| 20:16 | Construir | Farm |
| 20:24 | Crear | Villager (Male) |
| 20:26 | Investigar | Loom |
| 20:38 | Construir | Farm |
| 20:45 | Crear | Villager (Male) |
| 20:46 | Crear | Villager (Male) |
| 21:05 | Crear | Villager (Male) |
| 21:06 | Crear | Villager (Male) |
| 21:10 | Construir | Farm |
| 21:18 | Construir | Farm |
| 21:31 | Construir | House |
| 21:33 | Construir | House |
| 21:34 | Construir | House |
| 21:37 | Investigar | Wheelbarrow |
| 21:41 | Construir | Farm |
| 21:45 | Crear | Villager (Male) |
| 22:08 | Construir | Castle |
| 22:28 | Construir | House |
| 22:29 | Construir | House |
| 22:31 | Crear | Villager (Male) ×5 |
| 22:43 | Construir | Farm |
| 22:45 | Construir | Farm |
| 23:01 | Crear | Villager (Male) |
| 23:01 | Crear | Villager (Male) |
| 23:02 | Crear | Villager (Male) |
| 23:02 | Crear | Villager (Male) |
| 23:08 | Construir | House |
| 23:09 | Construir | House |
| 23:34 | Crear | Hussite Wagon ×5 |
| 23:43 | Construir | Mining Camp |
| 23:53 | Construir | Farm |
| 23:57 | Construir | Farm |
| 24:14 | Construir | Farm |
| 24:17 | Crear | Villager (Male) ×5 |
| 24:38 | Crear | Villager (Male) |
| 24:39 | Crear | Villager (Male) |
| 24:46 | Construir | Farm |
| 24:50 | Construir | Farm |
| 24:54 | Crear | Villager (Male) ×5 |
| 25:01 | Crear | Hussite Wagon |
| 25:14 | Investigar | Hand Cart |
| 25:41 | Construir | Castle |
| 25:51 | Crear | Hussite Wagon |
| 25:59 | Crear | Villager (Male) ×5 |
| 26:20 | Crear | Hussite Wagon |
| 26:44 | Crear | Hussite Wagon |
| 26:45 | Crear | Hussite Wagon |
| 26:48 | Crear | Hussite Wagon |
| 26:57 | Crear | Villager (Male) ×5 |
| 27:35 | Crear | Hussite Wagon |
| 27:38 | Crear | Hussite Wagon |
| 27:41 | Investigar | Imperial Age |
| 27:45 | Crear | Villager (Male) ×2 |
| 28:04 | Crear | Hussite Wagon |
| 28:08 | Crear | Hussite Wagon |
| 28:09 | Crear | Hussite Wagon |
| 28:12 | Crear | Hussite Wagon |
| 28:44 | Investigar | Coinage |
| 28:46 | Crear | Villager (Male) ×5 |
| 29:18 | Construir | Siege Workshop |
| 29:23 | Construir | University |
| 29:49 | Crear | Villager (Male) ×5 |
| 29:49 | Crear | Villager (Male) ×5 |
| 30:01 | Construir | Barracks |
| 30:06 | Investigar | Scale Mail Armor |
| 30:07 | Investigar | Forging |
| 30:09 | Investigar | Pikeman (upgrade) |
| 30:09 | Investigar | Squires |
| 30:14 | Crear | Villager (Male) |
Build order — ash.burlaczenko
Primeras 150 de 419 acciones detectadas
| 0:03 | Crear | Villager (Male) |
| 0:03 | Crear | Villager (Male) |
| 0:03 | Crear | Villager (Male) |
| 0:03 | Crear | Villager (Male) |
| 0:03 | Crear | Villager (Male) |
| 0:05 | Construir | House |
| 0:08 | Construir | House |
| 1:25 | Crear | Villager (Male) |
| 1:25 | Crear | Villager (Male) |
| 2:15 | Crear | Villager (Male) |
| 2:15 | Crear | Villager (Male) |
| 2:15 | Crear | Villager (Male) |
| 2:15 | Crear | Villager (Male) |
| 2:15 | Crear | Villager (Male) |
| 2:16 | Crear | Villager (Male) |
| 2:46 | Construir | Lumber Camp |
| 2:51 | Crear | Villager (Male) |
| 2:51 | Crear | Villager (Male) |
| 3:01 | Crear | Villager (Male) |
| 3:01 | Crear | Villager (Male) |
| 3:51 | Crear | Villager (Male) |
| 3:52 | Crear | Villager (Male) |
| 3:52 | Crear | Villager (Male) |
| 4:04 | Construir | House |
| 4:37 | Crear | Villager (Male) |
| 4:37 | Crear | Villager (Male) |
| 4:38 | Crear | Villager (Male) |
| 4:38 | Crear | Villager (Male) |
| 5:12 | Crear | Villager (Male) |
| 5:39 | Construir | Mining Camp |
| 6:04 | Investigar | Loom |
| 6:47 | Investigar | Feudal Age |
| 7:03 | Construir | Mill |
| 7:25 | Crear | Villager (Male) |
| 8:51 | Construir | House |
| 9:00 | Edad | Edad Feudal |
| 9:04 | Construir | Watch Tower |
| 10:00 | Crear | Villager (Male) |
| 10:00 | Crear | Villager (Male) |
| 10:09 | Crear | Villager (Male) |
| 10:09 | Crear | Villager (Male) |
| 10:43 | Construir | Watch Tower |
| 10:52 | Construir | Blacksmith |
| 11:25 | Construir | Watch Tower |
| 11:40 | Crear | Villager (Male) |
| 11:41 | Crear | Villager (Male) |
| 12:02 | Construir | Watch Tower |
| 12:28 | Crear | Villager (Male) |
| 12:28 | Crear | Villager (Male) |
| 13:10 | Crear | Villager (Male) |
| 13:11 | Crear | Villager (Male) |
| 13:47 | Construir | Watch Tower |
| 13:59 | Investigar | Fletching |
| 14:26 | Crear | Villager (Male) |
| 14:26 | Crear | Villager (Male) |
| 14:31 | Construir | House |
| 15:01 | Construir | Watch Tower |
| 15:59 | Crear | Villager (Male) |
| 15:59 | Crear | Villager (Male) |
| 16:22 | Crear | Villager (Male) |
| 16:23 | Crear | Villager (Male) |
| 16:29 | Construir | House |
| 16:30 | Construir | House |
| 17:28 | Construir | House |
| 17:30 | Crear | Villager (Male) |
| 17:30 | Crear | Villager (Male) |
| 17:31 | Crear | Villager (Male) |
| 17:31 | Crear | Villager (Male) |
| 17:54 | Construir | Watch Tower |
| 17:57 | Construir | Mining Camp |
| 18:02 | Construir | Farm |
| 18:09 | Construir | Farm |
| 18:10 | Construir | Farm |
| 18:11 | Construir | Farm |
| 18:12 | Construir | Farm |
| 18:24 | Crear | Villager (Male) |
| 18:24 | Crear | Villager (Male) |
| 18:25 | Crear | Villager (Male) |
| 18:25 | Crear | Villager (Male) |
| 18:50 | Construir | Watch Tower |
| 19:06 | Construir | Farm |
| 19:07 | Construir | Farm |
| 19:10 | Crear | Villager (Male) |
| 19:10 | Crear | Villager (Male) |
| 19:10 | Crear | Villager (Male) |
| 19:27 | Construir | Farm |
| 19:59 | Construir | Farm |
| 20:08 | Construir | Farm |
| 20:56 | Crear | Villager (Male) |
| 20:56 | Crear | Villager (Male) |
| 20:56 | Crear | Villager (Male) |
| 20:57 | Crear | Villager (Male) |
| 20:57 | Crear | Villager (Male) |
| 20:57 | Crear | Villager (Male) |
| 21:00 | Construir | Farm |
| 21:05 | Construir | Farm |
| 21:13 | Construir | Farm |
| 21:14 | Construir | Farm |
| 21:15 | Construir | Farm |
| 21:17 | Construir | Farm |
| 21:29 | Construir | Market |
| 22:29 | Construir | Watch Tower |
| 22:44 | Crear | Villager (Male) |
| 22:45 | Crear | Villager (Male) |
| 22:46 | Crear | Villager (Male) |
| 22:46 | Crear | Villager (Male) |
| 22:49 | Construir | Farm |
| 23:44 | Crear | Villager (Male) |
| 23:45 | Crear | Villager (Male) |
| 23:45 | Crear | Villager (Male) |
| 23:55 | Construir | Farm |
| 23:56 | Construir | Farm |
| 23:58 | Construir | Farm |
| 24:00 | Construir | Farm |
| 25:00 | Construir | House |
| 25:04 | Investigar | Castle Age |
| 26:53 | Crear | Villager (Male) |
| 26:53 | Crear | Villager (Male) |
| 26:53 | Crear | Villager (Male) |
| 26:53 | Crear | Villager (Male) |
| 26:54 | Crear | Villager (Male) |
| 26:54 | Crear | Villager (Male) |
| 26:54 | Crear | Villager (Male) |
| 26:55 | Crear | Villager (Male) |
| 26:55 | Crear | Villager (Male) |
| 26:55 | Crear | Villager (Male) |
| 26:55 | Crear | Villager (Male) |
| 26:56 | Crear | Villager (Male) |
| 26:56 | Crear | Villager (Male) |
| 26:56 | Crear | Villager (Male) |
| 26:57 | Crear | Villager (Male) |
| 27:27 | Construir | House |
| 27:28 | Construir | House |
| 27:29 | Construir | House |
| 27:46 | Edad | Edad de los Castillos |
| 27:49 | Construir | Town Center |
| 28:06 | Crear | Villager (Male) |
| 28:07 | Crear | Villager (Male) |
| 28:42 | Construir | Town Center |
| 28:51 | Crear | Villager (Male) |
| 28:51 | Crear | Villager (Male) |
| 28:51 | Crear | Villager (Male) |
| 28:52 | Crear | Villager (Male) |
| 28:52 | Crear | Villager (Male) |
| 28:52 | Crear | Villager (Male) |
| 28:52 | Crear | Villager (Male) |
| 28:53 | Crear | Villager (Male) |
| 28:53 | Crear | Villager (Male) |
| 28:53 | Crear | Villager (Male) |
| 28:54 | Crear | Villager (Male) |
Build order — 大叔很猖狂
104 acciones detectadas en el replay
| 0:03 | Construir | House |
| 0:05 | Construir | House |
| 0:07 | Crear | Villager (Male) ×4 |
| 2:00 | Crear | Villager (Male) |
| 2:00 | Crear | Villager (Male) |
| 2:28 | Crear | Villager (Male) ×2 |
| 2:29 | Crear | Villager (Male) ×2 |
| 2:29 | Crear | Villager (Male) |
| 2:38 | Construir | Lumber Camp |
| 3:02 | Crear | Villager (Male) |
| 3:02 | Crear | Villager (Male) |
| 3:28 | Crear | Villager (Male) |
| 3:57 | Crear | Villager (Male) |
| 3:57 | Crear | Villager (Male) |
| 4:15 | Construir | House |
| 4:22 | Crear | Villager (Male) |
| 4:22 | Crear | Villager (Male) |
| 4:22 | Crear | Villager (Male) |
| 4:56 | Crear | Villager (Male) |
| 4:58 | Construir | House |
| 5:05 | Construir | Mill |
| 5:13 | Crear | Villager (Male) |
| 5:13 | Crear | Villager (Male) |
| 5:26 | Construir | House |
| 5:47 | Crear | Villager (Male) |
| 5:47 | Crear | Villager (Male) |
| 6:26 | Construir | Mill |
| 6:45 | Crear | Villager (Male) |
| 6:45 | Crear | Villager (Male) |
| 7:20 | Construir | Mining Camp |
| 7:24 | Crear | Villager (Male) ×5 |
| 7:24 | Crear | Villager (Male) ×5 |
| 8:42 | Crear | Villager (Male) |
| 8:50 | Construir | Mining Camp |
| 9:26 | Investigar | Feudal Age |
| 9:55 | Construir | Farm |
| 9:59 | Construir | Farm |
| 10:46 | Investigar | Loom |
| 11:36 | Edad | Edad Feudal |
| 11:38 | Construir | Market |
| 12:22 | Construir | Blacksmith |
| 13:03 | Investigar | Castle Age |
| 13:13 | Construir | Watch Tower |
| 15:40 | Construir | Lumber Camp |
| 15:43 | Edad | Edad de los Castillos |
| 16:58 | Construir | Mining Camp |
| 17:41 | Construir | Siege Workshop |
| 19:04 | Crear | Mangonel |
| 19:32 | Construir | House |
| 21:48 | Construir | Castle |
| 24:10 | Crear | Villager (Male) ×5 |
| 24:10 | Crear | Villager (Male) ×5 |
| 24:10 | Crear | Villager (Male) ×5 |
| 26:25 | Crear | Genoese Crossbowman ×2 |
| 31:05 | Construir | House |
| 31:13 | Crear | Villager (Male) ×2 |
| 31:13 | Crear | Villager (Male) ×2 |
| 32:03 | Crear | Villager (Male) ×3 |
| 32:03 | Crear | Villager (Male) ×3 |
| 33:02 | Crear | Villager (Male) ×2 |
| 33:02 | Crear | Villager (Male) ×2 |
| 33:25 | Construir | Mill |
| 34:10 | Crear | Villager (Male) |
| 34:33 | Crear | Villager (Male) |
| 34:33 | Crear | Villager (Male) |
| 35:06 | Construir | Palisade Wall |
| 35:54 | Construir | Outpost |
| 36:00 | Crear | Villager (Male) ×2 |
| 36:00 | Crear | Villager (Male) ×2 |
| 36:17 | Construir | Outpost |
| 36:49 | Crear | Villager (Male) ×2 |
| 36:50 | Crear | Villager (Male) ×2 |
| 36:56 | Construir | Farm |
| 38:34 | Crear | Villager (Male) ×5 |
| 38:34 | Crear | Villager (Male) ×5 |
| 38:34 | Crear | Villager (Male) ×2 |
| 39:27 | Construir | Farm |
| 39:52 | Construir | Farm |
| 40:46 | Construir | Farm |
| 40:49 | Construir | Farm |
| 41:23 | Construir | Farm |
| 41:29 | Crear | Villager (Male) |
| 41:33 | Construir | Farm |
| 41:35 | Crear | Villager (Male) |
| 42:11 | Construir | Farm |
| 42:22 | Crear | Mangonel |
| 42:23 | Crear | Mangonel |
| 42:29 | Construir | Farm |
| 42:40 | Crear | Villager (Male) ×5 |
| 42:40 | Crear | Villager (Male) ×2 |
| 42:40 | Crear | Villager (Male) ×2 |
| 42:49 | Crear | Mangonel |
| 44:03 | Construir | Lumber Camp |
| 44:29 | Crear | Villager (Male) |
| 44:29 | Crear | Villager (Male) |
| 45:10 | Crear | Mangonel |
| 45:16 | Crear | Genoese Crossbowman |
| 45:16 | Crear | Genoese Crossbowman |
| 45:27 | Crear | Genoese Crossbowman ×4 |
| 45:29 | Crear | Genoese Crossbowman |
| 46:27 | Crear | Genoese Crossbowman ×2 |
| 46:35 | Construir | Castle |
| 46:45 | Crear | Genoese Crossbowman ×2 |
| 46:45 | Crear | Genoese Crossbowman ×2 |
Build order — Andoras
Primeras 150 de 447 acciones detectadas
| 0:01 | Crear | Villager (Male) |
| 0:01 | Crear | Villager (Male) |
| 0:04 | Construir | House |
| 0:05 | Construir | House |
| 0:15 | Crear | Villager (Male) |
| 0:25 | Crear | Villager (Male) |
| 1:27 | Crear | Villager (Male) |
| 1:53 | Construir | Lumber Camp |
| 2:02 | Crear | Villager (Male) |
| 2:26 | Crear | Villager (Male) |
| 2:49 | Crear | Villager (Male) |
| 3:05 | Crear | Villager (Male) |
| 3:07 | Construir | House |
| 3:56 | Crear | Villager (Male) |
| 3:56 | Crear | Villager (Male) |
| 4:02 | Construir | Mill |
| 4:26 | Crear | Villager (Male) |
| 5:08 | Crear | Villager (Male) |
| 5:08 | Crear | Villager (Male) |
| 5:15 | Construir | House |
| 5:20 | Crear | Villager (Male) |
| 5:50 | Crear | Villager (Male) |
| 6:47 | Crear | Villager (Male) |
| 7:07 | Crear | Villager (Male) |
| 7:33 | Crear | Villager (Male) |
| 7:54 | Construir | Mining Camp |
| 8:18 | Crear | Villager (Male) |
| 8:41 | Investigar | Feudal Age |
| 8:59 | Crear | Villager (Male) |
| 9:00 | Crear | Villager (Male) |
| 9:58 | Construir | House |
| 10:15 | Construir | Farm |
| 10:53 | Edad | Edad Feudal |
| 10:55 | Construir | Market |
| 10:57 | Construir | Blacksmith |
| 12:22 | Investigar | Castle Age |
| 12:43 | Investigar | Double-Bit Axe |
| 12:44 | Investigar | Double-Bit Axe |
| 13:44 | Investigar | Horse Collar |
| 13:48 | Construir | Farm |
| 13:50 | Construir | Farm |
| 13:53 | Construir | Farm |
| 13:54 | Construir | Farm |
| 14:02 | Construir | House |
| 14:22 | Investigar | Loom |
| 14:42 | Construir | House |
| 15:02 | Edad | Edad de los Castillos |
| 15:07 | Construir | Town Center |
| 15:13 | Construir | Town Center |
| 15:15 | Investigar | Bow Saw |
| 15:27 | Construir | House |
| 15:35 | Crear | Villager (Male) |
| 15:39 | Investigar | Heavy Plow |
| 15:47 | Construir | Farm |
| 15:55 | Crear | Villager (Male) |
| 16:05 | Crear | Villager (Male) |
| 16:21 | Construir | Farm |
| 16:25 | Crear | Villager (Male) |
| 16:42 | Crear | Villager (Male) |
| 16:51 | Crear | Villager (Male) |
| 16:57 | Construir | Farm |
| 16:58 | Construir | Farm |
| 16:58 | Construir | Farm |
| 16:58 | Construir | Farm |
| 16:58 | Construir | Farm |
| 17:13 | Crear | Villager (Male) |
| 17:18 | Construir | Farm |
| 17:19 | Crear | Villager (Male) |
| 17:43 | Crear | Villager (Male) |
| 17:54 | Crear | Villager (Male) |
| 18:01 | Crear | Villager (Male) |
| 18:12 | Crear | Villager (Male) |
| 18:30 | Construir | Town Center |
| 18:32 | Crear | Villager (Male) |
| 18:34 | Crear | Villager (Male) |
| 18:39 | Construir | Farm |
| 18:40 | Construir | Farm |
| 18:43 | Crear | Villager (Male) |
| 18:50 | Construir | Farm |
| 18:51 | Construir | Farm |
| 18:56 | Construir | House |
| 18:58 | Crear | Villager (Male) |
| 19:02 | Construir | Farm |
| 19:07 | Crear | Villager (Male) |
| 19:07 | Crear | Villager (Male) |
| 19:15 | Construir | Farm |
| 19:23 | Crear | Villager (Male) |
| 19:23 | Crear | Villager (Male) |
| 19:27 | Crear | Villager (Male) |
| 19:32 | Construir | Farm |
| 19:33 | Construir | Farm |
| 19:35 | Crear | Villager (Male) |
| 19:38 | Construir | House |
| 19:59 | Crear | Villager (Male) |
| 20:00 | Crear | Villager (Male) |
| 20:00 | Crear | Villager (Male) |
| 20:04 | Crear | Villager (Male) |
| 20:04 | Crear | Villager (Male) |
| 20:08 | Construir | House |
| 20:11 | Construir | Barracks |
| 20:14 | Crear | Villager (Male) |
| 20:18 | Construir | Farm |
| 20:19 | Construir | Farm |
| 20:23 | Construir | Farm |
| 20:26 | Construir | Farm |
| 20:28 | Construir | Farm |
| 20:29 | Crear | Villager (Male) |
| 20:30 | Crear | Villager (Male) |
| 20:38 | Construir | Farm |
| 20:39 | Crear | Villager (Male) |
| 20:42 | Crear | Villager (Male) |
| 20:43 | Construir | Farm |
| 20:49 | Construir | Farm |
| 20:53 | Construir | Farm |
| 20:56 | Crear | Villager (Male) |
| 20:57 | Crear | Villager (Male) |
| 21:02 | Crear | Villager (Male) |
| 21:04 | Construir | Farm |
| 21:10 | Crear | Villager (Male) |
| 21:12 | Construir | Farm |
| 21:14 | Crear | Villager (Male) |
| 21:16 | Crear | Villager (Male) |
| 21:18 | Construir | Farm |
| 21:21 | Crear | Villager (Male) |
| 21:25 | Crear | Villager (Male) |
| 21:27 | Construir | Farm |
| 21:32 | Crear | Villager (Male) |
| 21:36 | Construir | Farm |
| 21:38 | Construir | Farm |
| 21:39 | Crear | Villager (Male) |
| 21:41 | Crear | Villager (Male) |
| 21:47 | Crear | Villager (Male) |
| 21:53 | Crear | Villager (Male) |
| 22:02 | Crear | Villager (Male) |
| 22:08 | Crear | Villager (Male) |
| 22:11 | Crear | Villager (Male) |
| 22:22 | Construir | Mill |
| 22:23 | Construir | Farm |
| 22:23 | Construir | Farm |
| 22:23 | Construir | Farm |
| 22:23 | Construir | Farm |
| 22:24 | Construir | Farm |
| 22:24 | Construir | Farm |
| 22:24 | Construir | Farm |
| 22:25 | Construir | Farm |
| 22:28 | Crear | Villager (Male) |
| 22:32 | Construir | Mining Camp |
| 22:38 | Investigar | Gold Mining |
| 22:39 | Investigar | Gold Mining |
| 22:40 | Crear | Villager (Male) |
Build order — gw=ar
Primeras 150 de 637 acciones detectadas
| 0:01 | Crear | Villager (Male) |
| 0:01 | Crear | Villager (Male) |
| 0:02 | Crear | Villager (Male) |
| 0:02 | Crear | Villager (Male) |
| 0:02 | Crear | Villager (Male) |
| 0:04 | Construir | House |
| 0:05 | Construir | House |
| 1:25 | Crear | Villager (Male) |
| 1:25 | Crear | Villager (Male) |
| 2:01 | Crear | Villager (Male) |
| 2:01 | Crear | Villager (Male) |
| 2:04 | Construir | Lumber Camp |
| 2:16 | Crear | Villager (Male) |
| 2:16 | Crear | Villager (Male) |
| 2:50 | Crear | Villager (Male) |
| 3:00 | Construir | House |
| 3:00 | Construir | House |
| 3:06 | Crear | Villager (Male) |
| 3:36 | Crear | Villager (Male) |
| 3:36 | Crear | Villager (Male) |
| 3:49 | Crear | Villager (Male) |
| 4:26 | Crear | Villager (Male) |
| 4:26 | Crear | Villager (Male) |
| 4:51 | Crear | Villager (Male) |
| 4:51 | Crear | Villager (Male) |
| 5:12 | Crear | Villager (Male) |
| 5:13 | Crear | Villager (Male) |
| 5:30 | Crear | Villager (Male) |
| 5:31 | Crear | Villager (Male) |
| 6:05 | Crear | Villager (Male) |
| 6:05 | Crear | Villager (Male) |
| 6:06 | Crear | Villager (Male) |
| 6:30 | Crear | Villager (Male) |
| 6:30 | Crear | Villager (Male) |
| 6:31 | Crear | Villager (Male) |
| 6:52 | Construir | Mill |
| 6:56 | Crear | Villager (Male) |
| 6:56 | Crear | Villager (Male) |
| 7:02 | Construir | Mill |
| 8:27 | Investigar | Feudal Age |
| 8:27 | Investigar | Feudal Age |
| 8:56 | Construir | Farm |
| 9:03 | Construir | Mining Camp |
| 9:52 | Construir | House |
| 10:56 | Edad | Edad Feudal |
| 10:59 | Crear | Villager (Male) |
| 10:59 | Crear | Villager (Male) |
| 11:03 | Construir | Blacksmith |
| 11:08 | Construir | Market |
| 11:57 | Investigar | Castle Age |
| 11:57 | Investigar | Castle Age |
| 12:37 | Investigar | Horse Collar |
| 12:37 | Investigar | Horse Collar |
| 12:39 | Construir | Farm |
| 12:40 | Construir | Farm |
| 12:44 | Construir | Farm |
| 13:04 | Investigar | Double-Bit Axe |
| 13:04 | Investigar | Double-Bit Axe |
| 14:02 | Construir | Farm |
| 14:03 | Construir | Farm |
| 14:04 | Construir | Farm |
| 14:05 | Construir | Farm |
| 14:37 | Edad | Edad de los Castillos |
| 14:40 | Crear | Villager (Male) |
| 14:41 | Crear | Villager (Male) |
| 14:44 | Investigar | Bow Saw |
| 14:50 | Construir | Town Center |
| 14:54 | Investigar | Heavy Plow |
| 15:10 | Crear | Villager (Male) |
| 15:38 | Construir | Town Center |
| 15:41 | Crear | Villager (Male) |
| 15:47 | Construir | House |
| 16:03 | Investigar | Wheelbarrow |
| 16:12 | Crear | Villager (Male) |
| 16:21 | Construir | Farm |
| 16:23 | Construir | Farm |
| 16:25 | Construir | Farm |
| 16:27 | Crear | Villager (Male) |
| 16:28 | Crear | Villager (Male) |
| 16:35 | Construir | House |
| 16:36 | Construir | House |
| 16:46 | Construir | Farm |
| 16:49 | Construir | Farm |
| 16:57 | Crear | Villager (Male) |
| 16:57 | Crear | Villager (Male) |
| 17:23 | Crear | Villager (Male) |
| 17:23 | Crear | Villager (Male) |
| 17:32 | Crear | Villager (Male) |
| 17:32 | Crear | Villager (Male) |
| 17:36 | Construir | Farm |
| 17:38 | Construir | Farm |
| 17:49 | Construir | Town Center |
| 17:51 | Crear | Villager (Male) |
| 17:51 | Crear | Villager (Male) |
| 17:54 | Construir | Farm |
| 17:56 | Construir | Farm |
| 18:02 | Construir | House |
| 18:03 | Construir | House |
| 18:06 | Construir | Farm |
| 18:22 | Crear | Villager (Male) |
| 18:22 | Crear | Villager (Male) |
| 18:31 | Construir | Farm |
| 18:36 | Construir | Lumber Camp |
| 18:39 | Crear | Villager (Male) |
| 18:41 | Crear | Villager (Male) |
| 18:42 | Construir | Farm |
| 18:49 | Construir | House |
| 18:51 | Crear | Villager (Male) |
| 18:51 | Crear | Villager (Male) |
| 18:53 | Construir | Farm |
| 18:58 | Crear | Villager (Male) |
| 18:58 | Crear | Villager (Male) |
| 19:02 | Crear | Villager (Male) |
| 19:03 | Crear | Villager (Male) |
| 19:06 | Crear | Villager (Male) |
| 19:12 | Construir | Farm |
| 19:14 | Crear | Villager (Male) |
| 19:14 | Crear | Villager (Male) |
| 19:18 | Construir | Farm |
| 19:22 | Construir | House |
| 19:30 | Crear | Villager (Male) |
| 19:33 | Construir | Farm |
| 19:34 | Crear | Villager (Male) |
| 19:35 | Crear | Villager (Male) |
| 19:40 | Crear | Villager (Male) |
| 19:40 | Crear | Villager (Male) |
| 19:43 | Construir | House |
| 19:47 | Construir | Farm |
| 19:48 | Construir | Farm |
| 19:50 | Crear | Villager (Male) |
| 19:51 | Crear | Villager (Male) |
| 19:51 | Crear | Villager (Male) |
| 19:58 | Construir | Farm |
| 20:00 | Construir | Farm |
| 20:02 | Crear | Villager (Male) |
| 20:03 | Crear | Villager (Male) |
| 20:12 | Crear | Villager (Male) |
| 20:19 | Construir | House |
| 20:22 | Construir | House |
| 20:25 | Investigar | Gold Mining |
| 20:28 | Crear | Villager (Male) |
| 20:32 | Crear | Villager (Male) |
| 20:33 | Crear | Villager (Male) |
| 20:35 | Construir | Farm |
| 20:37 | Construir | Farm |
| 20:39 | Construir | Farm |
| 20:41 | Crear | Villager (Male) |
| 20:42 | Crear | Villager (Male) |
| 20:42 | Crear | Villager (Male) |
| 20:48 | Construir | Farm |
Build order — LIMONADE 3000
Primeras 150 de 274 acciones detectadas
| 0:04 | Investigar | Loom |
| 0:05 | Crear | Villager (Male) |
| 0:06 | Construir | House |
| 0:07 | Construir | House |
| 0:15 | Crear | Villager (Male) |
| 0:15 | Crear | Villager (Male) |
| 0:15 | Crear | Villager (Male) |
| 0:15 | Crear | Villager (Male) |
| 1:27 | Crear | Villager (Male) |
| 1:27 | Crear | Villager (Male) |
| 1:49 | Construir | Lumber Camp |
| 2:07 | Crear | Villager (Male) |
| 2:08 | Crear | Villager (Male) |
| 2:08 | Crear | Villager (Male) |
| 3:02 | Crear | Villager (Male) |
| 3:03 | Crear | Villager (Male) |
| 3:26 | Crear | Villager (Male) |
| 3:26 | Crear | Villager (Male) |
| 3:32 | Construir | House |
| 3:34 | Construir | House |
| 3:48 | Crear | Villager (Male) |
| 3:48 | Crear | Villager (Male) |
| 4:10 | Crear | Villager (Male) |
| 4:10 | Crear | Villager (Male) |
| 4:38 | Crear | Villager (Male) |
| 4:38 | Crear | Villager (Male) |
| 4:40 | Crear | Villager (Male) |
| 4:40 | Crear | Villager (Male) |
| 5:00 | Crear | Villager (Male) |
| 5:00 | Crear | Villager (Male) |
| 5:01 | Crear | Villager (Male) |
| 5:43 | Crear | Villager (Male) |
| 5:44 | Crear | Villager (Male) |
| 5:46 | Crear | Villager (Male) |
| 5:46 | Crear | Villager (Male) |
| 6:26 | Crear | Villager (Male) |
| 6:40 | Construir | Mill |
| 6:48 | Crear | Villager (Male) |
| 6:56 | Crear | Villager (Male) |
| 7:12 | Crear | Villager (Male) |
| 7:12 | Crear | Villager (Male) |
| 7:12 | Crear | Villager (Male) |
| 7:22 | Construir | Mining Camp |
| 7:54 | Crear | Villager (Male) |
| 8:46 | Construir | Mining Camp |
| 8:48 | Investigar | Feudal Age |
| 9:04 | Construir | Mill |
| 9:38 | Crear | Villager (Male) |
| 10:02 | Construir | House |
| 11:02 | Edad | Edad Feudal |
| 11:10 | Construir | Market |
| 11:20 | Construir | Blacksmith |
| 11:21 | Crear | Villager (Male) |
| 11:30 | Crear | Villager (Male) |
| 12:12 | Investigar | Castle Age |
| 12:26 | Construir | House |
| 12:50 | Investigar | Double-Bit Axe |
| 13:50 | Crear | Villager (Male) |
| 14:52 | Edad | Edad de los Castillos |
| 14:55 | Construir | Castle |
| 15:08 | Investigar | Bow Saw |
| 15:23 | Crear | Villager (Male) |
| 15:36 | Crear | Villager (Male) |
| 15:54 | Crear | Villager (Male) |
| 16:06 | Crear | Plumed Archer |
| 16:06 | Crear | Plumed Archer |
| 16:13 | Crear | Villager (Male) |
| 16:24 | Crear | Plumed Archer |
| 16:53 | Construir | Mill |
| 16:54 | Crear | Villager (Male) |
| 17:07 | Crear | Plumed Archer |
| 17:41 | Crear | Villager (Male) |
| 17:45 | Crear | Villager (Male) |
| 17:53 | Construir | Siege Workshop |
| 17:57 | Crear | Plumed Archer |
| 18:11 | Construir | Farm |
| 18:11 | Construir | Farm |
| 18:11 | Construir | Farm |
| 18:16 | Construir | Farm |
| 18:31 | Crear | Villager (Male) |
| 18:54 | Crear | Villager (Male) |
| 18:58 | Crear | Mangonel |
| 19:20 | Crear | Villager (Male) |
| 19:26 | Construir | Farm |
| 19:37 | Construir | Farm |
| 19:38 | Construir | Farm |
| 19:38 | Construir | Farm |
| 19:41 | Crear | Villager (Male) |
| 19:54 | Crear | Villager (Male) |
| 20:15 | Construir | Farm |
| 20:19 | Construir | Farm |
| 20:21 | Crear | Villager (Male) |
| 20:25 | Construir | Farm |
| 20:30 | Construir | Farm |
| 20:33 | Construir | Farm |
| 20:49 | Crear | Villager (Male) |
| 20:51 | Construir | Farm |
| 21:05 | Construir | Farm |
| 21:07 | Crear | Villager (Male) |
| 21:13 | Construir | Farm |
| 21:14 | Construir | Farm |
| 21:29 | Construir | Farm |
| 22:29 | Investigar | Imperial Age |
| 22:59 | Investigar | Gold Mining |
| 23:49 | Crear | Mangonel |
| 23:58 | Investigar | Stone Mining |
| 24:22 | Investigar | Fletching |
| 24:58 | Crear | Plumed Archer |
| 24:59 | Crear | Plumed Archer |
| 25:21 | Construir | Mining Camp |
| 25:36 | Crear | Villager (Male) |
| 25:39 | Edad | Edad Imperial |
| 25:47 | Crear | Trebuchet (Packed) |
| 25:47 | Crear | Trebuchet (Packed) |
| 25:48 | Crear | Trebuchet (Packed) |
| 26:07 | Crear | Villager (Male) |
| 26:25 | Crear | Trebuchet (Packed) |
| 26:25 | Crear | Trebuchet (Packed) |
| 26:26 | Crear | Trebuchet (Packed) |
| 26:31 | Crear | Villager (Male) |
| 27:03 | Crear | Trebuchet (Packed) |
| 27:16 | Crear | Villager (Male) |
| 27:44 | Crear | Trebuchet (Packed) |
| 27:52 | Crear | Villager (Male) |
| 28:34 | Crear | Villager (Male) |
| 28:38 | Construir | House |
| 28:41 | Construir | House |
| 29:07 | Crear | Villager (Male) |
| 29:20 | Crear | Plumed Archer |
| 29:20 | Crear | Plumed Archer |
| 29:38 | Crear | Villager (Male) |
| 29:40 | Investigar | Bodkin Arrow |
| 29:40 | Investigar | Padded Archer Armor |
| 30:04 | Investigar | Wheelbarrow |
| 30:06 | Crear | Villager (Male) |
| 30:42 | Crear | Villager (Male) |
| 30:42 | Crear | Villager (Male) |
| 31:06 | Crear | Plumed Archer |
| 31:13 | Investigar | Bracer |
| 31:14 | Investigar | Leather Archer Armor |
| 31:16 | Crear | Villager (Male) |
| 31:20 | Construir | Barracks |
| 31:28 | Construir | Castle |
| 31:43 | Crear | Villager (Male) |
| 32:01 | Investigar | Two-Man Saw |
| 32:02 | Crear | Villager (Male) |
| 32:27 | Crear | Plumed Archer |
| 32:27 | Crear | Plumed Archer |
| 32:28 | Crear | Plumed Archer |
| 32:28 | Crear | Plumed Archer |
Build order — Sidi K
Primeras 150 de 398 acciones detectadas
| 0:01 | Crear | Villager (Male) |
| 0:02 | Crear | Villager (Male) |
| 0:03 | Construir | House |
| 0:05 | Construir | House |
| 0:09 | Construir | House |
| 0:23 | Crear | Villager (Male) |
| 0:29 | Crear | Villager (Male) |
| 1:59 | Crear | Villager (Male) |
| 2:17 | Crear | Villager (Male) |
| 2:40 | Construir | Lumber Camp |
| 2:43 | Crear | Villager (Male) |
| 2:48 | Construir | Lumber Camp |
| 3:04 | Crear | Villager (Male) |
| 3:35 | Crear | Villager (Male) |
| 3:52 | Investigar | Double-Bit Axe |
| 3:55 | Crear | Villager (Male) |
| 4:21 | Construir | House |
| 4:29 | Crear | Villager (Male) |
| 4:29 | Crear | Villager (Male) |
| 4:55 | Crear | Villager (Male) |
| 5:16 | Construir | Mill |
| 5:35 | Crear | Villager (Male) |
| 6:07 | Construir | Mill |
| 6:08 | Crear | Villager (Male) |
| 6:22 | Construir | House |
| 6:26 | Crear | Villager (Male) |
| 6:44 | Investigar | Horse Collar |
| 6:55 | Construir | House |
| 7:02 | Crear | Villager (Male) |
| 7:26 | Crear | Villager (Male) |
| 7:43 | Construir | Farm |
| 7:48 | Construir | Farm |
| 7:53 | Crear | Villager (Male) |
| 8:06 | Crear | Villager (Male) |
| 8:10 | Construir | Farm |
| 8:17 | Construir | Farm |
| 8:19 | Crear | Villager (Male) |
| 8:36 | Crear | Villager (Male) |
| 8:46 | Crear | Villager (Male) |
| 9:34 | Investigar | Feudal Age |
| 9:38 | Construir | Mining Camp |
| 10:17 | Construir | Farm |
| 10:35 | Construir | Barracks |
| 10:48 | Construir | Farm |
| 11:30 | Crear | Villager (Male) |
| 11:44 | Edad | Edad Feudal |
| 11:48 | Construir | Stable |
| 12:23 | Crear | Villager (Male) |
| 12:35 | Construir | Blacksmith |
| 12:49 | Crear | Villager (Male) |
| 13:25 | Investigar | Castle Age |
| 13:25 | Investigar | Castle Age |
| 13:31 | Crear | Scout Cavalry |
| 13:31 | Crear | Scout Cavalry |
| 13:52 | Investigar | Heavy Plow |
| 13:52 | Investigar | Heavy Plow |
| 14:01 | Construir | House |
| 14:03 | Construir | House |
| 14:15 | Crear | Scout Cavalry |
| 14:22 | Construir | Farm |
| 14:26 | Construir | Farm |
| 14:31 | Construir | Farm |
| 14:43 | Construir | Farm |
| 14:50 | Construir | Farm |
| 15:04 | Crear | Scout Cavalry |
| 15:11 | Construir | Farm |
| 15:15 | Investigar | Bow Saw |
| 15:16 | Investigar | Bow Saw |
| 15:39 | Crear | Scout Cavalry |
| 15:39 | Crear | Scout Cavalry |
| 15:51 | Crear | Villager (Male) |
| 16:05 | Edad | Edad de los Castillos |
| 16:11 | Investigar | Light Cavalry (upgrade) |
| 16:11 | Investigar | Light Cavalry (upgrade) |
| 16:15 | Crear | Villager (Male) |
| 16:15 | Crear | Villager (Male) |
| 16:46 | Crear | Villager (Male) |
| 16:53 | Construir | Town Center |
| 16:59 | Crear | Villager (Male) |
| 17:11 | Crear | Villager (Male) |
| 17:36 | Construir | Town Center |
| 17:52 | Investigar | Scale Barding Armor |
| 17:55 | Crear | Villager (Male) |
| 18:11 | Crear | Villager (Male) |
| 18:14 | Construir | Farm |
| 18:17 | Construir | Farm |
| 18:20 | Construir | Farm |
| 18:36 | Crear | Villager (Male) ×4 |
| 18:52 | Construir | Farm |
| 18:55 | Investigar | Wheelbarrow |
| 18:57 | Construir | Farm |
| 19:07 | Construir | Farm |
| 19:34 | Crear | Villager (Male) |
| 19:34 | Crear | Villager (Male) |
| 19:35 | Crear | Villager (Male) |
| 19:39 | Construir | Farm |
| 19:43 | Construir | Farm |
| 19:44 | Crear | Villager (Male) |
| 19:49 | Construir | Farm |
| 19:50 | Construir | Farm |
| 20:00 | Construir | Lumber Camp |
| 20:04 | Crear | Villager (Male) ×3 |
| 20:24 | Crear | Villager (Male) |
| 20:28 | Construir | House |
| 20:30 | Construir | House |
| 20:36 | Crear | Villager (Male) |
| 20:36 | Crear | Villager (Male) |
| 20:41 | Construir | Farm |
| 20:41 | Crear | Villager (Male) |
| 20:45 | Construir | Farm |
| 20:58 | Construir | Mining Camp |
| 20:59 | Crear | Villager (Male) |
| 21:03 | Investigar | Stone Mining |
| 21:10 | Crear | Villager (Male) |
| 21:17 | Crear | Scout Cavalry |
| 21:31 | Construir | Market |
| 21:37 | Crear | Villager (Male) |
| 21:41 | Construir | Farm |
| 21:42 | Construir | Farm |
| 21:45 | Construir | Farm |
| 21:45 | Construir | Farm |
| 21:47 | Crear | Villager (Male) |
| 21:47 | Crear | Villager (Male) |
| 21:50 | Construir | Farm |
| 21:52 | Construir | Farm |
| 21:53 | Crear | Villager (Male) |
| 21:55 | Construir | House |
| 22:08 | Investigar | Hand Cart |
| 22:19 | Crear | Villager (Male) ×3 |
| 22:42 | Crear | Scout Cavalry |
| 22:53 | Construir | Mill |
| 22:54 | Construir | Farm |
| 22:54 | Construir | Farm |
| 22:58 | Construir | Farm |
| 23:02 | Investigar | Gold Mining |
| 23:28 | Crear | Villager (Male) |
| 23:28 | Crear | Villager (Male) |
| 23:28 | Crear | Villager (Male) |
| 23:32 | Construir | Town Center |
| 23:48 | Crear | Villager (Male) |
| 23:56 | Investigar | Two-Man Saw |
| 24:06 | Crear | Villager (Male) ×5 |
| 24:31 | Crear | Villager (Male) ×5 |
| 24:37 | Construir | Farm |
| 24:40 | Construir | University |
| 24:43 | Crear | Villager (Male) |
| 24:45 | Construir | Farm |
| 24:45 | Construir | Farm |
| 24:46 | Construir | Farm |
| 24:46 | Construir | Farm |
Cronología de la partida
| 9:00 | ash.burlaczenko · age_up feudal |
| 10:35 | Sidi K · first_building Barracks |
| 10:53 | Andoras · age_up feudal |
| 10:56 | gw=ar · age_up feudal |
| 11:02 | LIMONADE 3000 · age_up feudal |
| 11:11 | YYS · age_up feudal |
| 11:36 | 大叔很猖狂 · age_up feudal |
| 11:44 | Sidi K · age_up feudal |
| 11:47 | gw=ar · first_market_sell 100 stone |
| 11:48 | Sidi K · first_building Stable |
| 11:55 | valpalmas · first_market_sell 100 wood |
| 12:55 | 大叔很猖狂 · first_market_sell 100 stone |
| 12:56 | 大叔很猖狂 · first_market_buy 100 food |
| 14:37 | gw=ar · age_up castle |
| 14:52 | LIMONADE 3000 · age_up castle |
| 14:55 | LIMONADE 3000 · first_building Castle |
| 15:02 | Andoras · age_up castle |
| 15:08 | YYS · age_up castle |
| 15:10 | valpalmas · first_market_buy 100 stone |
| 15:16 | YYS · first_building Monastery |
| 15:19 | valpalmas · first_building Castle |
| 15:21 | LIMONADE 3000 · first_market_buy 100 food |
| 15:43 | 大叔很猖狂 · age_up castle |
| 16:05 | Sidi K · age_up castle |
| 16:36 | valpalmas · first_building Siege Workshop |
| 17:29 | YYS · first_building Barracks |
| 17:41 | 大叔很猖狂 · first_building Siege Workshop |
| 17:53 | LIMONADE 3000 · first_building Siege Workshop |
| 18:24 | Andoras · first_market_buy 100 stone |
| 20:11 | Andoras · first_building Barracks |
| 21:48 | 大叔很猖狂 · first_building Castle |
| 22:08 | YYS · first_building Castle |
| 22:24 | LIMONADE 3000 · first_market_sell 500 wood |
| 23:05 | Sidi K · first_market_buy 100 wood |
| 23:07 | gw=ar · first_building Monastery |
| 23:47 | valpalmas · first_building Barracks |
| 24:08 | gw=ar · first_building Barracks |
| 24:35 | valpalmas · first_building Archery Range |
| 25:15 | Sidi K · first_building Monastery |
| 25:32 | Andoras · first_building Siege Workshop |
| 25:38 | Andoras · first_market_sell 100 food |
| 25:39 | LIMONADE 3000 · age_up imperial |
| 26:12 | gw=ar · first_market_buy 100 stone |
| 26:15 | Sidi K · first_market_sell 100 food |
| 26:22 | gw=ar · first_building Castle |
| 27:33 | Sidi K · first_building Archery Range |
| 27:46 | ash.burlaczenko · age_up castle |
| 28:24 | gw=ar · age_up imperial |
| 28:38 | ash.burlaczenko · first_market_buy 100 wood |
| 28:59 | gw=ar · first_building Siege Workshop |
| 29:11 | ash.burlaczenko · first_market_sell 100 food |
| 29:16 | Sidi K · first_building Castle |
| 29:18 | YYS · first_building Siege Workshop |
| 29:20 | valpalmas · wall_segment Stone Wall x1 |
| 29:27 | Sidi K · age_up imperial |
| 29:50 | ash.burlaczenko · first_building Castle |
| 30:05 | Andoras · age_up imperial |
| 30:51 | YYS · age_up imperial |
| 31:11 | ash.burlaczenko · first_building Siege Workshop |
| 31:20 | LIMONADE 3000 · first_building Barracks |
| 31:23 | Sidi K · tribute_sent a jugador 1 |
| 31:23 | Sidi K · tribute_sent a jugador 2 |
| 31:23 | Sidi K · tribute_sent a jugador 3 |
| 31:23 | Sidi K · tribute_sent a jugador 4 |
| 31:23 | Sidi K · tribute_sent a jugador 5 |
| 31:23 | Sidi K · tribute_sent a jugador 6 |
| 31:23 | Sidi K · tribute_sent a jugador 7 |
| 31:30 | Andoras · first_building Monastery |
| 31:39 | Andoras · first_building Castle |
| 33:07 | Sidi K · first_building Siege Workshop |
| 34:21 | ash.burlaczenko · first_building Barracks |
| 35:06 | 大叔很猖狂 · wall_segment Palisade Wall x16 |
| 35:53 | ash.burlaczenko · first_building Stable |
| 35:58 | LIMONADE 3000 · first_building Archery Range |
| 38:13 | Andoras · tribute_sent a jugador 1 |
| 38:13 | Andoras · tribute_sent a jugador 2 |
| 38:13 | Andoras · tribute_sent a jugador 3 |
| 38:13 | Andoras · tribute_sent a jugador 5 |
| 38:13 | Andoras · tribute_sent a jugador 6 |
| 38:13 | Andoras · tribute_sent a jugador 7 |
| 38:13 | Andoras · tribute_sent a jugador 8 |
| 40:09 | YYS · first_building Archery Range |
| 40:47 | Andoras · tribute_sent a jugador 1 |
| 40:47 | Andoras · tribute_sent a jugador 2 |
| 40:47 | Andoras · tribute_sent a jugador 3 |
| 40:47 | Andoras · tribute_sent a jugador 5 |
| 40:47 | Andoras · tribute_sent a jugador 6 |
| 40:47 | Andoras · tribute_sent a jugador 7 |
| 40:47 | Andoras · tribute_sent a jugador 8 |
| 41:26 | Andoras · first_building Stable |
| 43:09 | ash.burlaczenko · age_up imperial |
| 43:52 | Sidi K · tribute_sent a jugador 1 |
| 43:52 | Sidi K · tribute_sent a jugador 2 |
| 43:52 | Sidi K · tribute_sent a jugador 3 |
| 43:52 | Sidi K · tribute_sent a jugador 4 |
| 43:52 | Sidi K · tribute_sent a jugador 5 |
| 43:52 | Sidi K · tribute_sent a jugador 6 |
| 43:52 | Sidi K · tribute_sent a jugador 7 |
| 45:51 | Sidi K · tribute_sent a jugador 1 |
| 45:51 | Sidi K · tribute_sent a jugador 2 |
| 45:51 | Sidi K · tribute_sent a jugador 3 |
| 45:51 | Sidi K · tribute_sent a jugador 4 |
| 45:51 | Sidi K · tribute_sent a jugador 5 |
| 45:51 | Sidi K · tribute_sent a jugador 6 |
| 45:51 | Sidi K · tribute_sent a jugador 7 |
| 46:02 | LIMONADE 3000 · tribute_sent a jugador 1 |
| 46:02 | LIMONADE 3000 · tribute_sent a jugador 2 |
| 46:02 | LIMONADE 3000 · tribute_sent a jugador 3 |
| 46:02 | LIMONADE 3000 · tribute_sent a jugador 4 |
| 46:02 | LIMONADE 3000 · tribute_sent a jugador 5 |
| 46:02 | LIMONADE 3000 · tribute_sent a jugador 7 |
| 46:02 | LIMONADE 3000 · tribute_sent a jugador 8 |
| 47:17 | gw=ar · resign |
[ ANÁLISIS IA · 1 CRÉDITO ]
¿Qué pasó realmente en esta partida?
Wolo.gg analiza cada decisión: build order, eco, micro, errores típicos por bracket. Análisis personalizado por WhatsApp o Discord en 30 segundos.
Guía civ
Shu
Perfil
Jugador #3979916